 Dungeon Crawl Stone Soup version 0.22.0-49-gab54619 (webtiles) character file.

254 Starchild the Conjurer (level 5, -4/38 HPs)
             Began as a Draconian Conjurer on Sept 6, 2018.
             Killed by divine providence
             ... invoked by an orc priest
              (12 damage)
             ... on level 4 of the Dungeon.
             The game lasted 00:09:09 (3852 turns).

Starchild the Conjurer (Draconian Conjurer)         Turns: 3852, Time: 00:09:10

Health: -4/38      AC:  7    Str: 10    XL:     5   Next: 91%
Magic:  1/8        EV: 12    Int: 17    God:
Gold:   73         SH:  5    Dex: 11    Spells: 5/8 levels left

rFire    . . .     SeeInvis .   d - +2 short sword (drain)
rCold    . . .     Gourm    .   r - +0 buckler
rNeg     . . .     Faith    .   (armour unavailable)
rPois    .         Spirit   .   (helmet restricted)
rElec    .         Reflect  .   o - +0 cloak
rCorr    .         Harm     .   (no gloves)
MR       .....                  w - +0 pair of boots
Stlth    ++........             (no amulet)
HPRegen  0.12/turn              (no ring)
MPRegen  0.11/turn              (no ring)

@: no status effects
A: unfitting armour, cold-blooded, AC +5
a: no special abilities


You were on level 4 of the Dungeon.
You were not hungry.

You visited 1 branch of the dungeon, and saw 4 of its levels.

You collected 73 gold pieces.

Inventory:

Hand Weapons
 a - a +0 club
 d - a +2 short sword of draining (weapon)
 l - a +1 mace of protection
 p - a cursed -3 dagger
Missiles
 h - 139 stones (quivered)
 k - a throwing net
Armour
 o - a +0 cloak (worn)
 r - a +0 buckler (worn)
 w - a +0 pair of boots (worn)
Wands
 t - a wand of random effects (33)
Scrolls
 f - 4 scrolls of teleportation
 i - a scroll of identify {unknown}
 q - 2 scrolls of magic mapping {unknown}
 u - 2 scrolls of immolation {unknown}
 v - 2 scrolls of remove curse {unknown}
 x - a scroll of enchant armour {unknown}
Potions
 c - 4 potions of cancellation {unknown}
 e - a potion of degeneration {unknown}
 g - 2 potions of curing {unknown}
 j - 2 potions of heal wounds {unknown}
 m - a potion of brilliance {unknown}
 n - a potion of invisibility {unknown}
 s - 2 potions of might {unknown}
Comestibles
 b - 8 rations


   Skills:
 - Level 1.7 Dodging
 - Level 1.7 Stealth
 - Level 4.7 Shields
 - Level 2.0 Spellcasting
 + Level 5.1 Conjurations


You had 5 spell levels left.
You knew the following spells:

 Your Spells              Type           Power        Failure   Level  Hunger
a - Magic Dart            Conj           ###.         2%          1    #......
b - Searing Ray           Conj           ###...       3%          2    ###....

Your spell library contained the following spells:

 Spells                   Type           Power        Failure   Level  Hunger
 Dazzling Spray           Conj/Hex       ##....       21%         3    ###....
 Iskenderun's Mystic Bla  Conj           ###.....     22%         4    #####..
 Force Lance              Conj/Tloc      ##......     54%         4    #####..
 Fulminant Prism          Conj/Hex       ##........   54%         4    #####..


Dungeon Overview and Level Annotations

Branches:
Dungeon (4/15)
 Temple: D:4-7

Altars:
Dithmenos
Kikubaaqudgha
Nemelex Xobeh
Uskayaw
The Shining One


Innate Abilities, Weirdness & Mutations

Your plain brown scales are hard. (AC +5)
You cannot fit into any form of body armour.
You are cold-blooded and may be slowed by cold attacks.


Message History

Aim: an orc priest, wielding a hand axe and wearing a leather armour (heavily The magic dart hits the orc priest.
The orc priest is almost dead.
Casting: Magic Dart (safe; 2% risk of failure)
Confirm with . or Enter, or press ? or * to list all spells.
Aiming: Magic Dart (safe; 2% risk of failure)
Press: ? - help, Shift-Dir - straight line, f/p - orc priest
Aim: an orc priest, wielding a hand axe and wearing a leather armour (almost The magic dart hits the orc priest.
The orc priest is almost dead.
You hit the orc priest but do no damage.
The orc priest is almost dead.
The orc priest mumbles some strange prayers to Beogh against you.
Pain shoots through your body!
* * * LOW HITPOINT WARNING * * *
You barely miss the orc priest.
The orc priest is almost dead.
The orc priest invokes the aid of Beogh against you.
Beogh smites you!
You die...

##........## #...##
#........####..##
##...†......##.##
#..............## #
#...............# ###.#
................####.....
..##........#............
..#.)[####.####..>......#
.##..## ### ##@o.......
.....##### ##...#...
#........# ###......
##......## ..... ##....##
.... #.#### ... #..# ..
###..# . .##..#


You could see an orc priest.

Vanquished Creatures
  A scorpion (D:4)
  A howler monkey (D:4)
  2 worker ants
  Ijyb (D:3)
  3 adders
  A shadow imp (D:4)
  An ooze (D:2)
  A worm (D:2)
  3 leopard geckos
  2 orcs
  A ball python (D:1)
  3 bats
  A bat zombie (D:2)
  A giant cockroach (D:2)
  6 goblins
  6 hobgoblins
  5 jackals
  3 kobolds
  2 quokkas
  5 rats
  A rat zombie (D:2)
50 creatures vanquished.

Notes
Turn   | Place    | Note
-------+----------+-------------------------------------------
     0 | D:1      | Starchild the Draconian Conjurer began the quest for the
                  | Orb.
     0 | D:1      | Reached XP level 1. HP: 14/14 MP: 3/3
   151 | D:1      | Reached XP level 2. HP: 18/20 MP: 5/5
  1181 | D:2      | Found a hide-covered altar of Uskayaw.
  1181 | D:2      | Noticed a dagger
  1181 | D:2      | Noticed a dagger
  1223 | D:2      | Reached skill level 5 in Conjurations
  1223 | D:2      | Reached XP level 3. HP: 17/26 MP: 6/6
  1594 | D:2      | Found an ancient bone altar of Kikubaaqudgha.
  1954 | D:2      | Found a sparkling altar of Nemelex Xobeh.
  2122 | D:3      | Reached skill level 1 in Shields
  2185 | D:3      | Noticed Ijyb
  2196 | D:3      | Killed Ijyb
  2196 | D:3      | Reached XP level 4. HP: 30/33 MP: 7/7
  2310 | D:3      | Found a shadowy altar of Dithmenos.
  3241 | D:3      | Found a glowing golden altar of the Shining One.
  3527 | D:4      | Reached XP level 5. HP: 35/38 MP: 8/8
  3826 | D:4      | Learned a level 2 spell: Searing Ray
  3852 | D:4      | Killed from afar by an orc priest

Skill      XL: |  1  2  3  4  5 |
---------------+----------------+-----
Conjurations   | 5 |  5.1
Shields        | 2 3 4 |  4.7
Dodging        | |  1.7
Stealth        | |  1.7
Spellcasting   | |  2.0

Action                   |  1- 3 |  4- 6 || total
-------------------------+-------+-------++-------
Melee: Short sword       |    88 |    89 ||   177
       Tailslap          |     7 |     5 ||    12
 Cast: Magic Dart        |     4 |    10 ||    14
  Use: Scroll            |     1 |       ||     1
 Stab: Sleeping          |     3 |     3 ||     6
  Eat: Chunk             |     3 |     3 ||     6
       Ration            |       |     1 ||     1
Armor: Skin              |    32 |    30 ||    62
Dodge: Dodged            |    57 |    42 ||    99
Block: Buckler           |     4 |    10 ||    14
